 Dungeon Crawl Stone Soup version 0.24.1 (webtiles) character file.

Game seed: 15337627102259115488, levelgen mode: deterministic

202 Destapler the Grave Robber (level 5, -4/40 HPs)
             Began as a Mummy Necromancer on Mar 28, 2020.
             Killed from afar by an orc wizard (18 damage)
             ... with a puff of flame
             ... on level 3 of the Dungeon.
             The game lasted 00:18:43 (2881 turns).

Destapler the Grave Robber (Mummy Necromancer)      Turns: 2881, Time: 00:18:44

Health: -4/40      AC:  2    Str: 16    XL:     5   Next: 50%
Magic:  8/9        EV: 12    Int: 15    God:
Gold:   77         SH:  0    Dex: 16    Spells: 3/9 levels left

rFire    x . .     SeeInvis .   a - +7 trident "Muapuxue" {freeze, rC+ Str+4 Dex+4}
rCold    + + .     Gourm    .   (no shield)
rNeg     + + +     Faith    .   g - +0 robe
rPois    ∞         Spirit   .   (no helmet)
rElec    .         Reflect  .   (no cloak)
rCorr    .         Harm     .   (no gloves)
MR       .....                  (no boots)
Stlth    ++........             (no amulet)
HPRegen  0.13/turn              (no ring)
MPRegen  0.11/turn              (no ring)

@: no status effects
A: no food or potions, fire vulnerability, cold resistance 1, negative energy
resistance 3, torment resistance, unbreathing
a: no special abilities


You were on level 3 of the Dungeon.
You were not hungry.

You visited 1 branch of the dungeon, and saw 4 of its levels.

You collected 77 gold pieces.

Inventory:

Hand Weapons
 a - the +7 trident "Muapuxue" (weapon) {freeze, rC+ Str+4 Dex+4}
   (You found it on level 4 of the Dungeon)

   It has been specially enchanted to freeze those struck by it, causing extra
   injury to most foes and up to half again as much damage against particularly
   susceptible opponents.
   It can also slow down cold-blooded creatures.
   It affects your strength (+4).
   It affects your dexterity (+4).
   It protects you from cold.
 f - a +3 vampiric spear
Missiles
 d - 78 stones (quivered)
Armour
 b - a +0 shield
 g - a +0 robe (worn)
Scrolls
 c - a scroll of identify
 e - a scroll of enchant armour {unknown}


   Skills:
 + Level 2.9 Fighting
 + Level 0.9 Polearms
 - Level 1.5 Dodging
 - Level 1.5 Stealth
 + Level 1.2 Shields
 - Level 2.6 Spellcasting
 + Level 5.1 Necromancy
 * Level 1.2 Translocations


You had 3 spell levels left.
You knew the following spells:

 Your Spells              Type           Power        Failure   Level  Hunger
a - Pain                  Necr           ###.         2%          1    N/A
b - Blink                 Tloc           N/A          19%         2    N/A
v - Vampiric Draining     Necr           ###.......   8%          3    N/A

Your spell library contained the following spells:

 Spells                   Type           Power        Failure   Level  Hunger
 Animate Skeleton         Necr           N/A          2%          1    N/A
 Magic Dart               Conj           #...         21%         1    N/A
 Call Imp                 Summ           #.......     30%         2    N/A
 Slow                     Hex            #.......     30%         2    N/A
 Conjure Flame            Conj/Fire      #.......     52%         3    N/A
 Mephitic Cloud           Conj/Pois/Air  #.......     52%         3    N/A
 Animate Dead             Necr           N/A          26%         4    N/A
 Regeneration             Chrm/Necr      Unusable     N/A         3    N/A

Dungeon Overview and Level Annotations

Branches:
Dungeon (4/15)
 Temple: D:4-7

Altars:
Qazlal
Xom
Yredelemnul

Annotations:
D:3 2 transporters


Innate Abilities, Weirdness & Mutations

You do not eat or drink.
Your flesh is vulnerable to fire.
You are immune to poison.
Your flesh is cold resistant. (rC+)
You are immune to negative energy. (rN+++)
You are immune to unholy pain and torment.
You can survive without breathing.


Message History

Your magical contamination has completely faded away.
There is a stone staircase leading up here.
You puncture the hound skeleton!
The hound skeleton is severely damaged.
The hound skeleton bites you.
* * * LOW HITPOINT WARNING * * *
The hound skeleton completely misses you.
You puncture the hound skeleton!
You destroy the hound skeleton!
You puncture the leopard gecko skeleton!
You destroy the leopard gecko skeleton!
You climb upwards.
Level annotation: 2 transporters Reactivating autopickup.
There is a stone staircase leading down here.
You hear some strange, mumbled words.
A puff of flame appears from out of thin air!
Deactivating autopickup; reactivate with Ctrl-A.
The puff of flame hits you!! The fire burns you terribly!
You die...

#..............
############### #
# ## ####### #.
#@>...###### ####.
#..........###....
#...!.####...).[..
####.####..###....
#..##..####....
##.##.####....!
#.##.##...###.
#....#..#####.
##..#......##.


There were no monsters in sight!

Vanquished Creatures
  An orc priest (D:4)
  An iguana (D:4)
  A hound skeleton (D:4)
  7 adders
  A worm (D:3)
  A leopard gecko (D:3)
  6 orcs
  6 bats
  4 giant cockroaches
  6 goblins
  6 hobgoblins
  5 jackals
  4 frilled lizards
  9 kobolds
  A leopard gecko skeleton (D:4)
  7 rats
66 creatures vanquished.

Notes
Turn   | Place    | Note
-------+----------+-------------------------------------------
     0 | D:1      | Destapler the Mummy Necromancer began the quest for the
                  | Orb.
     0 | D:1      | Reached XP level 1. HP: 13/13 MP: 4/4
   318 | D:1      | Reached skill level 1 in Fighting
   386 | D:1      | Reached XP level 2. HP: 21/21 MP: 3/5
   712 | D:1      | You fall into a shaft and drop 1 floor!
   852 | D:2      | Reached XP level 3. HP: 18/27 MP: 5/7
   858 | D:2      | Learned a level 3 spell: Vampiric Draining
   875 | D:2      | You fall into a shaft and drop 1 floor!
  1095 | D:3      | Found a transporter.
  1239 | D:3      | Found a transporter.
  1262 | D:2      | HP: 1/28 [hobgoblin/+0 club (3)]
  1616 | D:3      | Reached XP level 4. HP: 16/34 MP: 0/8
  1625 | D:3      | HP: 1/34 [adder (4)]
  1630 | D:2      | Found a shimmering altar of Xom.
  1631 | D:2      | HP: 1/34 [adder (3)]
  1633 | D:2      | Found a shimmering altar of Xom.
  2335 | D:2      | Learned a level 2 spell: Blink
  2400 | D:3      | Reached skill level 5 in Necromancy
  2507 | D:3      | Found a basalt altar of Yredelemnul.
  2671 | D:4      | Reached skill level 1 in Shields
  2671 | D:4      | Reached XP level 5. HP: 23/40 MP: 2/9
  2682 | D:4      | Got a smoking trident
  2683 | D:4      | Identified the +7 trident "Muapuxue" {freeze, rC+ Str+4
                  | Dex+4} (You found it on level 4 of the Dungeon)
  2842 | D:4      | Reached skill level 1 in Translocations
  2848 | D:4      | Found a stormy altar of Qazlal.
  2881 | D:3      | Killed from afar by an orc wizard

Levels and vault maps discovered:
D:1:      dpeg_arrival_rhombus, layout_loops_corners
D:2:      layout_basic, xom_redecorated, first_ration, minmay_tetromino_i4
D:3:      gammafunk_steamed_eel, layout_rooms, yredelemnul_altar_generic,
          serial_park_tiny_1
D:4:      layout_loops_ring, serial_shops, shop_statue, grunt_qazlal_clouds

Skill      XL: |  1  2  3  4  5 |
---------------+----------------+-----
Fighting       | 1 2 |  2.9
Necromancy     | 5 |  5.1
Shields        | 1 |  1.2
Translocations | 1 |  1.2
Polearms       | |  0.9
Dodging        | |  1.5
Stealth        | |  1.5
Spellcasting   | |  2.6

Action                   |  1- 3 |  4- 6 || total
-------------------------+-------+-------++-------
Melee: Spear             |   150 |    89 ||   239
       Trident           |       |     8 ||     8
Throw: Stone             |     1 |       ||     1
 Cast: Pain              |    17 |     5 ||    22
       Vampiric Draining |     9 |     5 ||    14
  Use: Scroll            |     2 |     2 ||     4
 Stab: Sleeping          |     3 |     2 ||     5
       Distracted        |     1 |       ||     1
Armor: Robe              |    30 |    11 ||    41
Dodge: Dodged            |    91 |    41 ||   132
Block: Shield            |       |    21 ||    21
